 Dungeon Crawl Stone Soup version 0.27-a0-1136-g0b992a5a9d (webtiles) character file.

Game seed: 3896565239659030628

14 jestyr24 the Magician (level 2, -2/21 HPs)
             Began as a Djinni Conjurer on May 6, 2021.
             Slain by a jackal (3 damage)
             ... on level 1 of the Dungeon.
             The game lasted 00:01:40 (297 turns).

jestyr24 the Magician (Djinni Conjurer)              Turns: 297, Time: 00:01:41

Health: -2/21      AC:  2    Str:  6    XL:     2   Next: 41%
Gold:   0          EV: 11    Int: 19    God:
                   SH:  3    Dex: 11

rFire    + + .     SeeInvis .   e - +0 dagger
rCold    x . .     Faith    .   d - +0 buckler
rNeg     . . .     Spirit   .   a - +0 robe
rPois    ∞         Reflect  .   (no helmet)
rElec    .         Harm     .   (no cloak)
rCorr    .         Rampage  .   (no gloves)
Will     .....                  (boots unavailable)
Stlth    ++........             (no amulet)
HPRegen  0.07/turn              (no ring)
MPRegen  0.00/turn              (no ring)

@: flying, very slightly contaminated
A: sickness immunity, fire resistance 2, cold vulnerability 1, float, innate
caster, hp casting, extra vitality 1
a: no special abilities


You were on level 1 of the Dungeon.
You visited 1 branch of the dungeon, and saw 1 of its levels.

Inventory:

Hand Weapons
 e - a +0 dagger (weapon)
Armour
 a - a +0 robe (worn)
 d - a +0 buckler (worn)
Scrolls
 c - a scroll of teleportation {unknown}
Potions
 b - a potion of brilliance {unknown}


   Skills:
 + Level 2.2 Dodging
 + Level 1.5 Stealth
 + Level 4.1 Spellcasting


You couldn't memorise any spells.
You knew the following spells:

 Your Spells              Type           Power      Damage    Failure   Level
a - Magic Dart            Conj           76%        1d6       4%          1
b - Searing Ray           Conj           38%        3d4       6%          2
c - Dazzling Flash        Conj/Hex       38%        N/A       13%         3
d - Fulminant Prism       Conj/Hex       9%         3d7       38%         4
e - Iskenderun's Mystic   Conj/Tloc      19%        2d6       38%         4
Your spell library was empty.

Dungeon Overview and Level Annotations

Branches:
Dungeon (1/15)

Altars:


Innate Abilities, Weirdness & Mutations

You are immune to sickness and miasma.
You are immune to poison.
Your flesh is very heat resistant. (rF++)
You are vulnerable to cold. (rC-)
You float through the air rather than walking.
You learn spells naturally, not from books.
Your magical power is your life essence.
You have superior vitality. (+4 HP)


Message History

The jackal is heavily wounded.
The jackal barely misses you.
You hit the jackal.
The jackal is severely wounded.
The jackal misses you. The jackal bites you. The jackal misses you.
You hit the jackal.
The jackal is almost dead.
The jackal barely misses you. x2
You hit the jackal but do no damage.
The jackal is almost dead.
The jackal bites you. The jackal misses you. You block the jackal's attack.
The jackal bites you.
* * * LOW HITPOINT WARNING * * *
Casting: Magic Dart (safe; 4% risk of failure)
Confirm with . or Enter, or press ? or * to list all spells.
Aiming: Searing Ray (safe; 6% risk of failure)
Press: ? - help, Shift-Dir - straight line, f - hobgoblin, p - jackal
Aim: a hobgoblin (78% to hit)
You miscast Searing Ray.
You are very lightly contaminated with residual magic.
Nothing appears to happen.
* * * LOW HITPOINT WARNING * * *
The jackal bites you but does no damage.
Casting: Searing Ray (safe; 6% risk of failure)
Confirm with . or Enter, or press ? or * to list all spells.
You don't know that spell.
Unknown command.
Casting: Searing Ray (safe; 6% risk of failure)
Confirm with . or Enter, or press ? or * to list all spells.
Aiming: Searing Ray (safe; 6% risk of failure)
Press: ? - help, Shift-Dir - straight line, f/p - hobgoblin
Aim: a hobgoblin (78% to hit)
The searing ray hits the jackal.
You kill the jackal!
The searing ray hits the hobgoblin!
You kill the hobgoblin! (Press . to maintain the ray.)
* * * LOW HITPOINT WARNING * * *
The jackal bites you.
You die...

.. )# ### .. ####.# ###.
########....####..
#.≈≈.........##.†#####.#
..≈≈≈≈.....#..##........
≈≈.≈≈≈≈...###..#†##.####
≈≈≈.≈≈≈≈≈...##.h@#
≈≈≈≈≈≈≈≈≈≈≈.#....#
≈..<..≈≈≈≈.###..##
≈≈..≈≈≈≈≈≈...####
≈≈≈.≈≈≈≈..≈.≈.#
≈≈≈≈.≈≈...≈≈≈≈#
.≈≈≈≈...≈≈≈≈..#
.........≈≈..##
###.###.≈≈..##


You could see a jackal.

Vanquished Creatures
  2 bats (D:1)
  3 goblins (D:1)
  3 hobgoblins (D:1)
  2 jackals (D:1)
  A frilled lizard (D:1)
  3 rats (D:1)
14 creatures vanquished.

Notes
Turn   | Place    | Note
-------+----------+-------------------------------------------
     0 | D:1      | jestyr24 the Djinni Conjurer began the quest for the Orb.
     0 | D:1      | Reached XP level 1. HP: 15/15 MP: 0/0
   175 | D:1      | Reached XP level 2. HP: 17/21 MP: 0/0
   249 | D:1      | Reached skill level 4 in Spellcasting
   297 | D:1      | Slain by a jackal

Illustrated notes

Levels and vault maps discovered:
D:1:      dpeg_arrival_subterranean_lakeside_camping, layout_rooms,
          minmay_tetromino_l2

Skill      XL: |  1  2 |
---------------+-------+-----
Spellcasting   | 4 |  4.1
Dodging        | |  2.2
Stealth        | |  1.5

Action                   || total
-------------------------++-------
Melee: Dagger            ||     4
 Cast: Magic Dart        ||    23
       Searing Ray       ||     1
Armor: Robe              ||     1
Dodge: Dodged            ||     9
Block: Buckler           ||     2

Table legend: (Time is in decaauts)
 A = Elapsed time spent in this place.
 B = Non-inter-level travel time spent in this place.
 C = Inter-level travel time spent in this place.
 D = Time resting spent in this place.
 E = Time spent auto-exploring this place.
 F = Levels seen in this place.
 G = Mean time per level.
                   A        B        C        D        E       F      G
               +--------+--------+--------+--------+--------+-----+--------+
         Total |    296 |    296 |      0 |      0 |    239 |   1 |  296.0 |
       Dungeon |    296 |    296 |      0 |      0 |    239 |   1 |  296.0 |
               +--------+--------+--------+--------+--------+-----+--------+

Top non-repeatable levels by time:
     D:1: 296 daAuts
